Construct Section Command Post
Selects Indian Artillery Battlegroup
Selects Towed ML 4.2-inch Heavy Mortar
Towed ML 4.2-inch Heavy Mortar
Construct Platoon Command Post
6-pounder Anti-tank Gun Team
Unlock Bishop Self-propelled Artillery
Unlock M3 Stuart Light Tanks
Bishop Self-propelled Artillery
Bishop Self-propelled Artillery
Selects Gurkha Rifles Section
Construct Company Command Post
Selects Off-map Airburst Barrage
Unlock Towed 17-pounder Anti-tank Guns
Selects Perimeter Monitor